 Dungeon Crawl Stone Soup version 0.30-a0-989-g0d87f670db (webtiles) character file.

Game seed: 11790882979924419926

21314 mopl the Cleaver (level 12, -10/147 HPs)
             Began as a Gnoll Berserker on Apr 3, 2023.
             Was a High Priest of Trog.
             Mangled by an orc warlord
             ... wielding a +2 great sword
              (27 damage)
             ... on level 1 of the Orcish Mines.
             The game lasted 00:18:52 (11091 turns).

mopl the Cleaver (Gnoll Berserker)                 Turns: 11091, Time: 00:18:52

Health: -10/147    AC: 16    Str: 20    XL:     12   Next: 88%
Magic:  0/29       EV: 11    Int:  9    God:    Trog [*****.]
Gold:   1659       SH: 14    Dex: 11    Spells: 27/27 levels left

rFire   . . .      SeeInvis .    b - +0 broad axe (drain)
rCold   . . .      Faith    .    O - +0 tower shield
rNeg    . . .      Spirit   +    P - +4 moon troll leather armour {Spirit, Regen++ MP+5}
rPois   .          Reflect  .    (no helmet)
rElec   .          Rampage  .    (no cloak)
rCorr   .                        t - +2 pair of gloves
Will    ++...                    R - +2 pair of boots Stlth
                                 J - amulet of regeneration
HPRegen 2.84/turn                g - ring of willpower
MPRegen 0.21/turn                y - ring of willpower

@: berserking (expiring), very quick
A: fangs 1, strong nose, distributed training
a: Renounce Religion, Berserk, Trog's Hand, Brothers in Arms


You were on level 1 of the Orcish Mines.
You worshipped Trog.
Trog was extremely pleased with you.
You visited 2 branches of the dungeon, and saw 14 of its levels.

You collected 2090 gold pieces.
You spent 431 gold pieces at shops.

Inventory:

Hand Weapons
 a - the +6 mace "Bamibbus" {flame, rF+ Str+3 Dex+3}
   (You found it on level 2 of the Dungeon)

   Str:       It affects your strength (+3).
   Dex:       It affects your dexterity (+3).
   rF:        It protects you from fire.
 b - a +0 broad axe of draining (weapon)
 f - a +0 scimitar of flaming
 r - a +0 broad axe
 B - a +3 dagger of venom
 M - a +0 antimagic war axe
Missiles
 j - 38 poisoned darts (quivered)
 u - 9 boomerangs
 v - a curare-tipped dart
 z - 4 throwing nets
Armour
 t - a +2 pair of gloves (worn)
 F - a +0 ring mail of fire resistance
 O - a +0 tower shield (worn)
 P - the +4 moon troll leather armour (worn) {Spirit, Regen++ MP+5}
   (You found it on level 11 of the Dungeon)

   MP:        It affects your magic capacity (+5).
   Regen:     It increases your rate of health regeneration.
 R - a +2 pair of boots (worn)
Jewellery
 d - a ring of resist corrosion
 g - a ring of willpower (left hand)
 y - a ring of willpower (right hand)
 J - an amulet of regeneration (around neck)
Wands
 w - a wand of quicksilver (11)
 A - a wand of digging (4)
 G - a wand of mindburst (13)
 Q - a wand of flame (9)
Scrolls
 e - a scroll of enchant armour
 k - 11 scrolls of poison {unknown}
 l - a scroll of silence {!r}
 o - 4 scrolls of vulnerability
 p - a scroll of fear {unknown}
 x - 4 scrolls of teleportation {unknown}
 C - 2 scrolls of summoning
 E - 4 scrolls of fog
 H - 3 scrolls of immolation
 K - 3 scrolls of magic mapping
 L - 3 scrolls of enchant weapon
Potions
 c - 2 potions of haste
 h - 4 potions of flight
 i - 8 potions of curing
 n - 7 potions of brilliance
 q - a potion of lignification {!q}
 s - 2 potions of heal wounds {unknown}
 D - 2 potions of magic
 I - 6 potions of might
 N - a potion of ambrosia


   Skills:
 + Level 10.4 Fighting
 + Level 8.0 Short Blades
 + Level 8.0 Long Blades
 + Level 10.4 Axes
 + Level 8.0 Maces & Flails
 + Level 8.0 Polearms
 + Level 8.0 Staves
 + Level 8.0 Ranged Weapons
 + Level 8.0 Throwing
 + Level 9.3 Armour
 + Level 9.3 Dodging
 + Level 8.0 Stealth
 + Level 8.0 Shields
 + Level 8.0 Unarmed Combat
 + Level 8.0 Spellcasting
 + Level 6.6 Conjurations
 + Level 6.6 Hexes
 + Level 6.6 Summonings
 + Level 6.6 Necromancy
 + Level 6.6 Translocations
 + Level 6.6 Transmutations
 + Level 6.6 Fire Magic
 + Level 6.6 Ice Magic
 + Level 6.6 Air Magic
 + Level 6.6 Earth Magic
 + Level 6.6 Poison Magic
 + Level 8.8 Invocations
 + Level 8.0 Evocations


You had 27 spell levels left.
You didn't know any spells.
Your spell library was empty.

Dungeon Overview and Level Annotations

Branches:
Dungeon (12/15)            Temple (0/1) D:5            Lair (0/5) D:11
    Orc (2/2) D:12            Elf (0/3) Orc:2

Altars:
Dithmenos
Fedhas
Gozag
Kikubaaqudgha
Makhleb
Nemelex Xobeh
Qazlal
Trog
Uskayaw
Vehumet
Wu Jian
Xom
The Shining One

Shops:
D:2 (*   D:5 (   D:7 [**   D:12 [


Innate Abilities, Weirdness & Mutations

You have very sharp teeth.
Your uncanny sense of smell can sniff out nearby items.
Your experience applies equally to all skills.


Message History

The orc knight is almost dead.
You slash the orc warlord! You barely miss the orc knight.
You block the orc knight's attack. The orc knight closely misses you.
The orc warlord hits you but does no damage.
Unknown command.
Unknown command.
You hit the orc knight. You drain the orc knight.
You kill the orc knight!
Trog accepts your kill.
You barely miss the orc warlord. You closely miss the orc knight.
You block the orc knight's attack.
The orc warlord hits you with a +2 great sword!!
* * * LOW HITPOINT WARNING * * *
Your Short Blades skill increases to level 8!
Your Long Blades skill increases to level 8!
Your Maces & Flails skill increases to level 8!
Your Polearms skill increases to level 8!
Your Staves skill increases to level 8!
Your Ranged Weapons skill increases to level 8!
Your Throwing skill increases to level 8!
Your Stealth skill increases to level 8!
Your Shields skill increases to level 8!
Your Unarmed Combat skill increases to level 8!
Your Spellcasting skill increases to level 8!
Your Evocations skill increases to level 8!
Unknown command.
Unknown command.
Unknown command.
You barely miss the orc knight.
The orc knight is severely wounded.
You hit the orc warlord but do no damage.
You drain the orc warlord.
Unknown command.
Unknown command.
You barely miss the orc warlord.
You bite the orc warlord, but do no damage.
The orc warlord is moderately wounded.
You slash the orc knight! You block the orc knight's attack.
The orc warlord hits you with a +2 great sword!!
You die...

####.#..).#.......#.......#.....
##...####....#####...#####..^
#..)...##......#......##.....
##............###.....##.....
####........^.....##......##
####....###.....###......#
#.#..#..####....# #....###
###...##...[.#..### ###.##
##......#...o@[### ###
##......####..)o.#
##>#....#####....##
##..##.#........###
#...####.......##
#....###......## #.......###...#
........##..### .####...###.#


You could see an orc warlord (strong, drained) and an orc knight (strong,
drained).

Vanquished Creatures
  Jorgrun (Orc:1)
  Erica (D:11)
  5 two-headed ogres
  Pikel (D:4)
  An orc sorcerer (Orc:1)
  2 orc knights (Orc:1)
  2 cyclopes
  A manticore (D:12)
  A gargoyle (D:12)
  A kobold demonologist (D:11)
  A komodo dragon (D:11)
  4 trolls
  4 slime creatures (D:12)
  21 yaks
  4 shadows
  2 vampires
  3 wraiths
  A steam dragon (D:9)
  5 vampire mosquitoes (D:12)
  A water moccasin (D:6)
  2 ice beasts (D:6)
  3 sky beasts
  10 orc warriors
  10 ogres
  5 centaurs
  3 kobold brigands (D:7)
  3 bullfrogs
  2 gnoll sergeants
  28 killer bees
  5 howler monkeys
  3 electric eels (D:6)
  6 hounds
  8 orc priests
  6 iguanas
  A jelly (D:4)
  A sleepcap (D:7)
  2 gnoll boudas
  5 orc wizards
  25 gnolls
  12 adders
  2 shadow imps (D:7)
  A worm (D:5)
  A dart slug (D:2)
  29 orcs
  8 endoplasms
  2 giant cockroaches (D:1)
  8 goblins
  7 hobgoblins
  5 jackals
  4 quokkas
  6 ball pythons
  7 bats
  4 frilled lizards
  18 kobolds
  5 rats
309 creatures vanquished.

Vanquished Creatures (others)
  A shadow imp (D:6)
  25 plants
26 creatures vanquished.

Grand Total: 335 creatures vanquished

Notes
Turn   | Place    | Note
-------+----------+-------------------------------------------
     0 | D:1      | mopl the Gnoll Berserker began the quest for the Orb.
     0 | D:1      | Reached XP level 1. HP: 23/23 MP: 1/1
    46 | D:1      | Reached XP level 2. HP: 18/29 MP: 2/2
   265 | D:1      | Reached XP level 3. HP: 28/35 MP: 3/3
   381 | D:1      | Reached ** piety under Trog
   549 | D:2      | Reached skill level 1 in Invocations
   661 | D:2      | Reached skill level 1 in Short Blades
   661 | D:2      | Reached skill level 1 in Long Blades
   661 | D:2      | Reached skill level 1 in Maces & Flails
   661 | D:2      | Reached skill level 1 in Polearms
   661 | D:2      | Reached skill level 1 in Staves
   661 | D:2      | Reached skill level 1 in Ranged Weapons
   661 | D:2      | Reached skill level 1 in Throwing
   661 | D:2      | Reached skill level 1 in Stealth
   661 | D:2      | Reached skill level 1 in Shields
   661 | D:2      | Reached skill level 1 in Unarmed Combat
   661 | D:2      | Reached skill level 1 in Spellcasting
   661 | D:2      | Reached skill level 1 in Evocations
   688 | D:2      | Found Momirr's Assorted Antiques.
   695 | D:2      | Identified the +6 dagger of Past Mistakes {drain, Will-
                  | Str+4 Int+3 Dex+4}
   706 | D:2      | Bought a silvery potion for 19 gold pieces
   707 | D:2      | Identified the +6 mace "Bamibbus" {flame, rF+ Str+3 Dex+3}
   824 | D:2      | Reached XP level 4. HP: 41/41 MP: 5/5
   842 | D:2      | Found Kodiu's Weapon Shoppe.
  1065 | D:3      | Reached skill level 1 in Conjurations
  1065 | D:3      | Reached skill level 1 in Hexes
  1065 | D:3      | Reached skill level 1 in Summonings
  1065 | D:3      | Reached skill level 1 in Necromancy
  1065 | D:3      | Reached skill level 1 in Translocations
  1065 | D:3      | Reached skill level 1 in Transmutations
  1065 | D:3      | Reached skill level 1 in Fire Magic
  1065 | D:3      | Reached skill level 1 in Ice Magic
  1065 | D:3      | Reached skill level 1 in Air Magic
  1065 | D:3      | Reached skill level 1 in Earth Magic
  1065 | D:3      | Reached skill level 1 in Poison Magic
  1068 | D:3      | Reached XP level 5. HP: 45/47 MP: 5/7
  1297 | D:3      | Reached *** piety under Trog
  1389 | D:3      | Found an ornate altar of the Wu Jian Council.
  1389 | D:3      | Found an ancient bone altar of Kikubaaqudgha.
  1761 | D:4      | Reached skill level 2 in Invocations
  1761 | D:4      | Reached XP level 6. HP: 53/53 MP: 8/8
  1766 | D:4      | Reached skill level 5 in Armour
  1766 | D:4      | Reached skill level 5 in Dodging
  1773 | D:3      | Reached skill level 2 in Short Blades
  1773 | D:3      | Reached skill level 2 in Long Blades
  1773 | D:3      | Reached skill level 2 in Maces & Flails
  1773 | D:3      | Reached skill level 2 in Polearms
  1773 | D:3      | Reached skill level 2 in Staves
  1773 | D:3      | Reached skill level 2 in Ranged Weapons
  1773 | D:3      | Reached skill level 2 in Throwing
  1773 | D:3      | Reached skill level 2 in Stealth
  1773 | D:3      | Reached skill level 2 in Shields
  1773 | D:3      | Reached skill level 2 in Unarmed Combat
  1773 | D:3      | Reached skill level 2 in Spellcasting
  1773 | D:3      | Reached skill level 2 in Evocations
  1828 | D:4      | You fall into a shaft and drop 3 floors!
  1959 | D:7      | Reached skill level 7 in Fighting
  1959 | D:7      | Reached skill level 7 in Axes
  1959 | D:7      | Reached XP level 7. HP: 60/60 MP: 10/10
  1966 | D:7      | Reached skill level 2 in Conjurations
  1966 | D:7      | Reached skill level 2 in Hexes
  1966 | D:7      | Reached skill level 2 in Summonings
  1966 | D:7      | Reached skill level 2 in Necromancy
  1966 | D:7      | Reached skill level 2 in Translocations
  1966 | D:7      | Reached skill level 2 in Transmutations
  1966 | D:7      | Reached skill level 2 in Fire Magic
  1966 | D:7      | Reached skill level 2 in Ice Magic
  1966 | D:7      | Reached skill level 2 in Air Magic
  1966 | D:7      | Reached skill level 2 in Earth Magic
  1966 | D:7      | Reached skill level 2 in Poison Magic
  2018 | D:7      | Found a sparkling altar of Nemelex Xobeh.
  2152 | D:6      | Reached skill level 3 in Invocations
  2387 | D:5      | Entered Level 5 of the Dungeon
  2766 | D:4      | Found a stormy altar of Qazlal.
  3044 | D:4      | Reached skill level 3 in Short Blades
  3044 | D:4      | Reached skill level 3 in Long Blades
  3044 | D:4      | Reached skill level 3 in Maces & Flails
  3044 | D:4      | Reached skill level 3 in Polearms
  3044 | D:4      | Reached skill level 3 in Staves
  3044 | D:4      | Reached skill level 3 in Ranged Weapons
  3044 | D:4      | Reached skill level 3 in Throwing
  3044 | D:4      | Reached skill level 3 in Stealth
  3044 | D:4      | Reached skill level 3 in Shields
  3044 | D:4      | Reached skill level 3 in Unarmed Combat
  3044 | D:4      | Reached skill level 3 in Spellcasting
  3044 | D:4      | Reached skill level 3 in Evocations
  3044 | D:4      | Reached XP level 8. HP: 52/67 MP: 12/12
  3146 | D:4      | Noticed Pikel
  3158 | D:4      | Killed Pikel
  3159 | D:4      | Reached skill level 6 in Armour
  3159 | D:4      | Reached skill level 6 in Dodging
  3159 | D:4      | Reached skill level 3 in Conjurations
  3159 | D:4      | Reached skill level 3 in Hexes
  3159 | D:4      | Reached skill level 3 in Summonings
  3159 | D:4      | Reached skill level 3 in Necromancy
  3159 | D:4      | Reached skill level 3 in Translocations
  3159 | D:4      | Reached skill level 3 in Transmutations
  3159 | D:4      | Reached skill level 3 in Fire Magic
  3159 | D:4      | Reached skill level 3 in Ice Magic
  3159 | D:4      | Reached skill level 3 in Air Magic
  3159 | D:4      | Reached skill level 3 in Earth Magic
  3159 | D:4      | Reached skill level 3 in Poison Magic
  3159 | D:4      | Reached skill level 4 in Invocations
  3689 | D:5      | Found a staircase to the Ecumenical Temple.
  3752 | D:5      | Reached XP level 9. HP: 62/73 MP: 14/14
  3865 | D:5      | Found Cieguse's Antique Weapon Emporium.
  4050 | D:5      | Reached skill level 4 in Short Blades
  4050 | D:5      | Reached skill level 4 in Long Blades
  4050 | D:5      | Reached skill level 4 in Maces & Flails
  4050 | D:5      | Reached skill level 4 in Polearms
  4050 | D:5      | Reached skill level 4 in Staves
  4050 | D:5      | Reached skill level 4 in Ranged Weapons
  4050 | D:5      | Reached skill level 4 in Throwing
  4050 | D:5      | Reached skill level 4 in Stealth
  4050 | D:5      | Reached skill level 4 in Shields
  4050 | D:5      | Reached skill level 4 in Unarmed Combat
  4050 | D:5      | Reached skill level 4 in Spellcasting
  4050 | D:5      | Reached skill level 4 in Evocations
  4553 | D:6      | Found an opulent altar of Gozag.
  4966 | D:6      | Reached skill level 8 in Fighting
  4966 | D:6      | Reached skill level 8 in Axes
  5097 | D:6      | Reached **** piety under Trog
  5163 | D:6      | Reached skill level 5 in Invocations
  5387 | D:7      | Found Run Fal's Armour Shoppe.
  5627 | D:7      | Found Tageomy's General Store.
  5635 | D:7      | Bought a potion of might for 40 gold pieces
  5635 | D:7      | Bought a scroll of noise for 10 gold pieces
  5635 | D:7      | Bought a scroll of fog for 40 gold pieces
  5807 | D:7      | Found Wystyggec's General Store.
  5810 | D:7      | Bought a potion of ambrosia for 112 gold pieces
  5810 | D:7      | Bought a scroll of identify for 28 gold pieces
  5810 | D:7      | Bought a potion of brilliance for 56 gold pieces
  5810 | D:7      | Bought a scroll of identify for 28 gold pieces
  5912 | D:7      | Reached skill level 4 in Conjurations
  5912 | D:7      | Reached skill level 4 in Hexes
  5912 | D:7      | Reached skill level 4 in Summonings
  5912 | D:7      | Reached skill level 4 in Necromancy
  5912 | D:7      | Reached skill level 4 in Translocations
  5912 | D:7      | Reached skill level 4 in Transmutations
  5912 | D:7      | Reached skill level 4 in Fire Magic
  5912 | D:7      | Reached skill level 4 in Ice Magic
  5912 | D:7      | Reached skill level 4 in Air Magic
  5912 | D:7      | Reached skill level 4 in Earth Magic
  5912 | D:7      | Reached skill level 4 in Poison Magic
  6233 | D:8      | Reached skill level 5 in Short Blades
  6233 | D:8      | Reached skill level 5 in Long Blades
  6233 | D:8      | Reached skill level 5 in Maces & Flails
  6233 | D:8      | Reached skill level 5 in Polearms
  6233 | D:8      | Reached skill level 5 in Staves
  6233 | D:8      | Reached skill level 5 in Ranged Weapons
  6233 | D:8      | Reached skill level 5 in Throwing
  6233 | D:8      | Reached skill level 5 in Stealth
  6233 | D:8      | Reached skill level 5 in Shields
  6233 | D:8      | Reached skill level 5 in Unarmed Combat
  6233 | D:8      | Reached skill level 5 in Spellcasting
  6233 | D:8      | Reached skill level 5 in Evocations
  6233 | D:8      | Reached XP level 10. HP: 81/81 MP: 17/17
  6299 | D:8      | Noticed a two-headed ogre
  6305 | D:8      | Killed a two-headed ogre
  6306 | D:8      | Reached skill level 7 in Armour
  6306 | D:8      | Reached skill level 7 in Dodging
  6431 | D:8      | Found a hide-covered altar of Uskayaw.
  6610 | D:8      | Found a bloodstained altar of Trog.
  6776 | D:8      | Identified a scroll of acquirement
  6780 | D:8      | Acquired 783 gold pieces
  6967 | D:2      | Bought a +0 broad axe for 44 gold pieces
  7129 | D:7      | Bought a +0 tower shield for 54 gold pieces
  7159 | D:9      | Reached skill level 6 in Invocations
  7436 | D:9      | Reached skill level 9 in Fighting
  7436 | D:9      | Reached skill level 6 in Short Blades
  7436 | D:9      | Reached skill level 6 in Long Blades
  7436 | D:9      | Reached skill level 9 in Axes
  7436 | D:9      | Reached skill level 6 in Maces & Flails
  7436 | D:9      | Reached skill level 6 in Polearms
  7436 | D:9      | Reached skill level 6 in Staves
  7436 | D:9      | Reached skill level 6 in Ranged Weapons
  7436 | D:9      | Reached skill level 6 in Throwing
  7436 | D:9      | Reached skill level 6 in Stealth
  7436 | D:9      | Reached skill level 6 in Shields
  7436 | D:9      | Reached skill level 6 in Unarmed Combat
  7436 | D:9      | Reached skill level 6 in Spellcasting
  7436 | D:9      | Reached skill level 6 in Evocations
  7439 | D:9      | Reached skill level 5 in Conjurations
  7439 | D:9      | Reached skill level 5 in Hexes
  7439 | D:9      | Reached skill level 5 in Summonings
  7439 | D:9      | Reached skill level 5 in Necromancy
  7439 | D:9      | Reached skill level 5 in Translocations
  7439 | D:9      | Reached skill level 5 in Transmutations
  7439 | D:9      | Reached skill level 5 in Fire Magic
  7439 | D:9      | Reached skill level 5 in Ice Magic
  7439 | D:9      | Reached skill level 5 in Air Magic
  7439 | D:9      | Reached skill level 5 in Earth Magic
  7439 | D:9      | Reached skill level 5 in Poison Magic
  7439 | D:9      | Reached XP level 11. HP: 89/89 MP: 20/20
  7490 | D:9      | Found a blossoming altar of Fedhas.
  7632 | D:9      | Noticed a two-headed ogre
  7645 | D:9      | Killed a two-headed ogre
  7701 | D:9      | Noticed a two-headed ogre
  7710 | D:9      | Killed a two-headed ogre
  7711 | D:9      | Reached skill level 7 in Invocations
  7903 | D:10     | Entered Level 10 of the Dungeon
  7903 | D:10     | Noticed a two-headed ogre
  7915 | D:10     | Killed a two-headed ogre
  7916 | D:10     | Reached skill level 8 in Armour
  7916 | D:10     | Reached skill level 8 in Dodging
  8223 | D:10     | Reached ***** piety under Trog
  8233 | D:10     | Found a shadowy altar of Dithmenos.
  8333 | D:10     | Found a shimmering altar of Xom.
  8377 | D:10     | Found a burning altar of Makhleb.
  8377 | D:10     | Noticed a balrug
  8556 | D:11     | Noticed Erica
  8568 | D:11     | Killed Erica
  8592 | D:11     | Found the +4 moon troll leather armour {Spirit, Regen++
                  | MP+5}
  8629 | D:11     | Reached skill level 7 in Short Blades
  8629 | D:11     | Reached skill level 7 in Long Blades
  8629 | D:11     | Reached skill level 7 in Maces & Flails
  8629 | D:11     | Reached skill level 7 in Polearms
  8629 | D:11     | Reached skill level 7 in Staves
  8629 | D:11     | Reached skill level 7 in Ranged Weapons
  8629 | D:11     | Reached skill level 7 in Throwing
  8629 | D:11     | Reached skill level 7 in Stealth
  8629 | D:11     | Reached skill level 7 in Shields
  8629 | D:11     | Reached skill level 7 in Unarmed Combat
  8629 | D:11     | Reached skill level 7 in Spellcasting
  8629 | D:11     | Reached skill level 7 in Evocations
  8750 | D:11     | Reached XP level 12. HP: 97/97 MP: 22/22
  8774 | D:11     | Noticed a two-headed ogre
  8786 | D:11     | Killed a two-headed ogre
  8790 | D:11     | Received a gift from Trog
  8854 | D:11     | Found a staircase to the Lair.
  8899 | D:11     | Found a glowing golden altar of the Shining One.
  9173 | D:12     | Reached skill level 6 in Conjurations
  9173 | D:12     | Reached skill level 6 in Hexes
  9173 | D:12     | Reached skill level 6 in Summonings
  9173 | D:12     | Reached skill level 6 in Necromancy
  9173 | D:12     | Reached skill level 6 in Translocations
  9173 | D:12     | Reached skill level 6 in Transmutations
  9173 | D:12     | Reached skill level 6 in Fire Magic
  9173 | D:12     | Reached skill level 6 in Ice Magic
  9173 | D:12     | Reached skill level 6 in Air Magic
  9173 | D:12     | Reached skill level 6 in Earth Magic
  9173 | D:12     | Reached skill level 6 in Poison Magic
  9305 | D:12     | Reached skill level 8 in Invocations
  9476 | D:12     | Found a staircase to the Orcish Mines.
  9478 | D:12     | Found Ceoneips's Armour Shoppe.
  9695 | D:12     | Reached skill level 10 in Fighting
  9695 | D:12     | Reached skill level 10 in Axes
  9725 | D:12     | Identified the +0 robe of the Blue Skies {Str+4}
 10231 | Orc:1    | Entered Level 1 of the Orcish Mines
 10236 | Orc:1    | Found a radiant altar of Vehumet.
 10457 | Orc:2    | Entered Level 2 of the Orcish Mines
 10472 | Orc:2    | Reached skill level 9 in Armour
 10472 | Orc:2    | Reached skill level 9 in Dodging
 10570 | Orc:2    | Found a staircase to the Elven Halls.
 10985 | Orc:2    | Noticed an orc warlord
 10985 | Orc:2    | Noticed Jorgrun
 10986 | Orc:2    | Noticed an orc high priest
 11043 | Orc:1    | Killed Jorgrun
 11090 | Orc:1    | Reached skill level 8 in Short Blades
 11090 | Orc:1    | Reached skill level 8 in Long Blades
 11090 | Orc:1    | Reached skill level 8 in Maces & Flails
 11090 | Orc:1    | Reached skill level 8 in Polearms
 11090 | Orc:1    | Reached skill level 8 in Staves
 11090 | Orc:1    | Reached skill level 8 in Ranged Weapons
 11090 | Orc:1    | Reached skill level 8 in Throwing
 11090 | Orc:1    | Reached skill level 8 in Stealth
 11090 | Orc:1    | Reached skill level 8 in Shields
 11090 | Orc:1    | Reached skill level 8 in Unarmed Combat
 11090 | Orc:1    | Reached skill level 8 in Spellcasting
 11090 | Orc:1    | Reached skill level 8 in Evocations
 11091 | Orc:1    | Mangled by an orc warlord

Illustrated notes

Levels and vault maps discovered:
D:1:      dpeg_arrival_tiny_a, layout_basic, minmay_tetromino_l2
D:2:      layout_basic, serial_shops, nicolae_shop_crystal, nicolae_shop_trees
D:3:      layout_loops_ring, mainiacjoe_overflow_divided_tiny,
          chequers_serial_rivers_small_3
D:4:      layout_layer_cave, grunt_qazlal_sundering, uniq_pikel
D:5:      layout_basic, minmay_temple_entry_stoned_glass, serial_shops,
          nicolae_shop_stone
D:6:      layout_loops_ring, general_overflow_altar, serial_bayou,
          serial_bayou_lagoon_a, serial_bayou_ford_a, serial_bayou_pond_c,
          serial_bayou_pond_b, grunt_tough_drop
D:7:      layout_basic, amcnicky_altar_gilded, serial_shops,
          nicolae_shop_temple_entry_statues_fountains, shop, kennysheep_mini
D:8:      layout_loops_ring, trog_antimagical,
          mainiacjoe_overflow_six_doors_small
D:9:      layout_loops_cross, fedhas_ov_isle_minmay
D:10:     layout_cave_pools, mainiacjoe_overflow_cross_hatched,
          makhleb_altar_promises_db, mainiacjoe_overflow_alcove_1
D:11:     layout_gridville, david_lair_shrubbed, tso_metal_star, uniq_erica
D:12:     layout_basic, orc_david_3, serial_glass, glass_columns_b,
          glass_columns_b
Orc:1:    layout_diamond_mine, basic_altar
Orc:2:    grunt_orc_cross, layout_diamond_mine, uniq_jorgrun

Skill      XL: |  1  2  3  4  5  6  7  8  9 10 11 12 |
---------------+-------------------------------------+-----
Invocations    | 1 2 3 4 5 6 7 8 |  8.8
Short Blades   | 1 2 3 5 6 7 8 |  8.0
Long Blades    | 1 2 3 5 6 7 8 |  8.0
Maces & Flails | 1 2 3 5 6 7 8 |  8.0
Polearms       | 1 2 3 5 6 7 8 |  8.0
Staves         | 1 2 3 5 6 7 8 |  8.0
Ranged Weapons | 1 2 3 5 6 7 8 |  8.0
Throwing       | 1 2 3 5 6 7 8 |  8.0
Stealth        | 1 2 3 5 6 7 8 |  8.0
Shields        | 1 2 3 5 6 7 8 |  8.0
Unarmed Combat | 1 2 3 5 6 7 8 |  8.0
Spellcasting   | 1 2 3 5 6 7 8 |  8.0
Evocations     | 1 2 3 5 6 7 8 |  8.0
Conjurations   | 1 2 3 4 5 6 |  6.6
Hexes          | 1 2 3 4 5 6 |  6.6
Summonings     | 1 2 3 4 5 6 |  6.6
Necromancy     | 1 2 3 4 5 6 |  6.6
Translocations | 1 2 3 4 5 6 |  6.6
Transmutations | 1 2 3 4 5 6 |  6.6
Fire Magic     | 1 2 3 4 5 6 |  6.6
Ice Magic      | 1 2 3 4 5 6 |  6.6
Air Magic      | 1 2 3 4 5 6 |  6.6
Earth Magic    | 1 2 3 4 5 6 |  6.6
Poison Magic   | 1 2 3 4 5 6 |  6.6
Armour         | 5 6 7 8 9 |  9.3
Dodging        | 5 6 7 8 9 |  9.3
Fighting       | 7 8 9 10 | 10.4
Axes           | 7 8 9 10 | 10.4

Action                     |  1- 3 |  4- 6 |  7- 9 | 10-12 || total
---------------------------+-------+-------+-------+-------++-------
  Melee: Hand axe          |    89 |       |       |       ||    89
         Bite              |     7 |     3 |    26 |    77 ||   113
         Mace              |    10 |   103 |   230 |   145 ||   488
         Punch             |     1 |     1 |     6 |       ||     8
         Broad axe         |       |       |       |   437 ||   437
  Throw: Dart              |       |       |     1 |     7 ||     8
 Invoke: Berserk           |     1 |     4 |     6 |    15 ||    26
  Evoke: Wand              |       |       |       |     2 ||     2
    Use: Potion            |       |       |     1 |       ||     1
         Scroll            |       |       |     5 |    13 ||    18
   Stab: Sleeping          |       |       |       |     2 ||     2
 Armour: Animal skin       |    15 |       |       |       ||    15
         Scale mail        |    17 |    47 |    35 |       ||    99
         Chain mail        |       |       |    77 |   149 ||   226
         Troll leather arm |       |       |       |    98 ||    98
  Dodge: Dodged            |    61 |    79 |   149 |   271 ||   560
  Block: Tower shield      |       |       |       |   526 ||   526

Table legend: (Time is in decaauts)
 A = Elapsed time spent in this place.
 B = Non-inter-level travel time spent in this place.
 C = Inter-level travel time spent in this place.
 D = Time resting spent in this place.
 E = Time spent auto-exploring this place.
 F = Levels seen in this place.
 G = Mean time per level.
                   A        B        C        D        E       F      G
               +--------+--------+--------+--------+--------+-----+--------+
         Total |  11684 |  10712 |    972 |    604 |   7176 |  14 |  834.6 |
       Dungeon |  10759 |   9883 |    876 |    604 |   6765 |  12 |  896.6 |
  Orcish Mines |    924 |    829 |     95 |      0 |    411 |   2 |  462.0 |
               +--------+--------+--------+--------+--------+-----+--------+

Top non-repeatable levels by time:
     D:6: 1353 daAuts
     D:4: 1221 daAuts
    D:12: 1190 daAuts
     D:7: 1156 daAuts
     D:9: 980 daAuts
     D:5: 930 daAuts
     D:8: 818 daAuts
     D:3: 802 daAuts
    D:11: 722 daAuts
     D:2: 572 daAuts
     D:1: 542 daAuts
   Orc:1: 542 daAuts
    D:10: 466 daAuts
   Orc:2: 382 daAuts
